 Dungeon Crawl Stone Soup version 0.28-a0-479-g5baa6b73be (webtiles) character file.

Game seed: 7912479801528988189

596347 Welzeim the Conqueror (level 25, -2/408 (423) HPs)
             Began as a Minotaur Fighter on Sept 19, 2021.
             Was a High Priest of Ru.
             Killed from afar by an ancient champion (21 damage)
             ... with an iron shot
             ... on level 2 of the Tomb of the Ancients.
             The game lasted 03:35:51 (48012 turns).

Welzeim the Conqueror (Minotaur Fighter)           Turns: 48012, Time: 03:35:51

HP:   -2/408 (423)  AC: 51    Str: 46    XL:     25   Next: 82%
MP:   37/41         EV:  9    Int:  5    God:    Ru [*****.]
Gold: 6941          SH: 22    Dex:  9    Spells: 24/24 levels left

rFire   + . .      SeeInvis +   e - +14 obsidian axe {vorpal, Mesm Drain Fly SInv}
rCold   + + .      Faith    .   r - +0 tower shield
rNeg    + + +      Spirit   .   J - +9 crystal plate armour {rC+}
rPois   +          Reflect  .   x - +3 hat of Gozag's Regard {Regen+ rCorr}
rElec   .          Harm     .   Z - +1 cloak {Will+}
rCorr   +          Rampage  .   b - +3 pair of gauntlets of War {Slay+5}
Will    ++...                   t - +2 pair of boots {Stlth+}
Stlth   ..........              q - amulet "Romowuh" {*Corrode rF+ Regen+ MP+9 Str+10}
HPRegen 3.78/turn               L - ring of Heresy {Ice +Blink rPois rN+++ Dex-3}
MPRegen 0.27/turn               B - ring "Ymnarufy" {Contam rF+ rCorr Str+5}

@: mighty, berserking, lethally poisoned (-2 -> -2), exhausted, corroded,
flying, mesmerised, slowed, studying 2 skills, lightly drained
A: horns 2, no potion heal 1, no stealth, inability to use devices, no ice
magic, no summoning magic, no transmutations magic, retaliatory headbutt,
iridescent scales 1, regeneration 1, robust 1, screaming 1
}: 4/15 runes: decaying, slimy, silver, gossamer
a: Renounce Religion, Sacrifice Experience, Sacrifice Purity, Sacrifice an Eye,
Reject Sacrifices, Draw Out Power, Power Leap, Apocalypse


You were on level 2 of the Tomb of the Ancients.
You worshipped Ru.
Ru was extremely pleased with you.
You visited 11 branches of the dungeon, and saw 50 of its levels.
You visited 1 bazaar.
You also visited: Sewer, Bailey, Gauntlet, Ice Cave and Desolation.

You collected 10675 gold pieces.
You spent 3734 gold pieces at shops.

Inventory:

Hand Weapons
 e - the +14 obsidian axe (weapon) {vorpal, Mesm Drain Fly SInv}
   (You found it on level 6 of the Dungeon)

   It inflicts extra damage upon your enemies.
   It occasionally summons demons to assist the wielder when it strikes in
   combat.
   Its wielder is mesmerised by any visible foes.
   It cannot be unequipped while any foes are visible.
   SInv:      It lets you see invisible.
   Fly:       It grants you flight.
   Drain:     It drains your maximum health when unequipped.
 w - a +9 flail of draining
 y - a +2 executioner's axe of draining
Armour
 b - the +3 pair of gauntlets of War (worn) {Slay+5}
   (You bought it in a shop on level 2 of the Orcish Mines)

   Slay:      It affects your accuracy & damage with ranged weapons and melee
   (+5).
 m - the +0 mask of the Dragon {Will+ Slay+3 SInv}
   (You found it on level 5 of the Vaults)

   Slay:      It affects your accuracy & damage with ranged weapons and melee
   (+3).
   SInv:      It lets you see invisible.
   Will:      It increases your willpower.
 r - a +0 tower shield (worn)
 t - a +2 pair of boots of stealth (worn)
 v - the +0 pair of boots of Amelioration {*Corrode rC+ Str+9 Dex-5 Stlth+}
   (You bought it in a shop on level 2 of the Orcish Mines)

   Str:       It affects your strength (+9).
   Dex:       It affects your dexterity (-5).
   rC:        It protects you from cold.
   *Corrode:  It may corrode you when you take damage.
   Stlth:     It makes you more stealthy.
 x - the +3 hat of Gozag's Regard (worn) {Regen+ rCorr}
   (You acquired it on level 5 of the Lair of Beasts)

   Regen:     It increases your rate of health regeneration.
   rCorr:     It protects you from acid and corrosion.
 J - a +9 crystal plate armour of cold resistance (worn)
 T - +0 gold dragon scales
 Z - a +1 cloak of willpower (worn)
Jewellery
 a - the ring "Ynno" {Fire Will+ Int+2 Slay+2}
   (You found it on level 5 of the Vaults)

   [ring of fire]

   It enhances your fire magic.
   Int:       It affects your intelligence (+2).
   Slay:      It affects your accuracy & damage with ranged weapons and melee
   (+2).
   rF:        It protects you from fire.
   rC:        It makes you vulnerable to cold.
   Will:      It increases your willpower.
 g - an amulet of guardian spirit
 h - a +6 ring of dexterity
 j - the ring of Sin {Wiz *Corrode Will+ MP+9 Str+5}
   (You took it off a yaktaur captain on level 5 of the Vaults)

   [ring of wizardry]

   It improves your spell success rate.
   Str:       It affects your strength (+5).
   MP:        It affects your magic capacity (+9).
   *Corrode:  It may corrode you when you take damage.
   Will:      It increases your willpower.
 k - the ring "Raetaqok" {rN+ Str+2}
   (You took it off a frost giant on level 5 of the Vaults)

   [ring of positive energy]

   Str:       It affects your strength (+2).
   rN:        It protects you from negative energy.
 n - an amulet of reflection
 q - the amulet "Romowuh" (around neck) {*Corrode rF+ Regen+ MP+9 Str+10}
   (You acquired it on level 1 of the Elven Halls)

   [amulet of regeneration]

   Str:       It affects your strength (+10).
   rF:        It protects you from fire.
   MP:        It affects your magic capacity (+9).
   Regen:     It increases your rate of health regeneration.
   *Corrode:  It may corrode you when you take damage.
 B - the ring "Ymnarufy" (right hand) {Contam rF+ rCorr Str+5}
   (You found it in the Desolation of Salt)

   [ring of resist corrosion]

   Str:       It affects your strength (+5).
   rF:        It protects you from fire.
   Contam:    It causes magical contamination when unequipped.
   rCorr:     It protects you from acid and corrosion.
 D - the macabre finger necklace {rN+}
   (You found it on level 3 of the Crypt)

   [amulet of nothing]

   It enables you to equip an extra ring.
   rN:        It protects you from negative energy.
 E - the amulet "Pano" {rF+ Regen+ Slay+5}
   (You found it on level 5 of the Pits of Slime)

   [amulet of regeneration]

   Slay:      It affects your accuracy & damage with ranged weapons and melee
   (+5).
   rF:        It protects you from fire.
   Regen:     It increases your rate of health regeneration.
 F - the ring "Ohuaplenn" {Fly rCorr Str+6 Dex+4}
   (You found it on level 5 of the Pits of Slime)

   [ring of strength]

   Str:       It affects your strength (+6).
   Dex:       It affects your dexterity (+4).
   Fly:       It grants you flight.
   rCorr:     It protects you from acid and corrosion.
 I - the ring "Gohumut" {rN+ EV+4}
   (You found it in the Desolation of Salt)

   [ring of evasion]

   EV:        It affects your evasion (+4).
   rN:        It protects you from negative energy.
 L - the ring of Heresy (left hand) {Ice +Blink rPois rN+++ Dex-3}
   (You took it off a hell knight on level 5 of the Vaults)

   [ring of ice]

   It enhances your ice magic.
   Dex:       It affects your dexterity (-3).
   rF:        It makes you vulnerable to fire.
   rC:        It protects you from cold.
   rPois:     It protects you from poison.
   rN:        It renders you almost immune to negative energy.
   +Blink:    It lets you blink.
 N - the ring "Duhak" {AC+4 Int+4}
   (You found it on level 3 of the Crypt)

   [ring of protection]

   AC:        It affects your AC (+4).
   Int:       It affects your intelligence (+4).
 O - a +6 ring of dexterity
 P - the ring "Qiraacw" {rPois Dex+6}
   (You found it on level 5 of the Pits of Slime)

   [ring of dexterity]

   Dex:       It affects your dexterity (+6).
   rPois:     It protects you from poison.
 S - a ring of positive energy
 X - a ring of willpower
 Y - the ring of Trepidation {Wiz rC- rCorr Str+7 Dex+4}
   (You found it on level 3 of the Elven Halls)

   [ring of wizardry]

   It improves your spell success rate.
   Str:       It affects your strength (+7).
   Dex:       It affects your dexterity (+4).
   rC:        It makes you vulnerable to cold.
   rCorr:     It protects you from acid and corrosion.
Scrolls
 l - 15 scrolls of teleportation
 s - 4 scrolls of magic mapping
 u - 8 scrolls of amnesia
 A - 3 scrolls of summoning
 C - a scroll of fear
 G - 3 scrolls of blinking
 H - 8 scrolls of fog
 K - 4 scrolls of brand weapon
 R - 9 scrolls of identify
Potions
 c - 6 potions of haste
 d - 4 potions of ambrosia
 f - 11 potions of brilliance
 i - 11 potions of lignification
 o - 7 potions of magic
 p - 2 potions of invisibility
 z - 15 potions of curing
 M - 5 potions of cancellation
 Q - 3 potions of might
 U - 3 potions of heal wounds
 W - 2 potions of berserk rage


   Skills:
 O Level 27 Fighting
 + Level 24.3(24.9) Axes
 + Level 11.0(19.2) Maces & Flails
 * Level 23.3 Armour
 + Level 24.6 Shields
 * Level 14.5 Invocations


You had 24 spell levels left.
You didn't know any spells.
Your spell library contained the following spells:

 Spells                   Type           Power      Damage    Failure   Level
 Animate Skeleton         Necr           0%         N/A       91%         1
 Apportation              Tloc           0%         N/A       91%         1
 Magic Dart               Conj           0%         1d3       91%         1
 Shock                    Conj/Air       0%         1d3       91%         1
 Blink                    Tloc           N/A        N/A       97%         2
 Corpse Rot               Necr/Air       N/A        N/A       97%         2
 Poisonous Vapours        Pois/Air       0%         N/A       97%         2
 Searing Ray              Conj           0%         2d4       97%         2
 Slow                     Hex            0%         N/A       97%         2
 Static Discharge         Conj/Air       0%         N/A       97%         2
 Confusing Touch          Hex            0%         N/A       99%         3
 Conjure Flame            Conj/Fire      0%         6-21      99%         3
 Dazzling Flash           Conj/Hex       0%         N/A       99%         3
 Gell's Gravitas          Tloc           0%         N/A       99%         3
 Inner Flame              Hex/Fire       0%         N/A       99%         3
 Lesser Beckoning         Tloc           0%         N/A       99%         3
 Mephitic Cloud           Conj/Pois/Air  0%         N/A       99%         3
 Portal Projectile        Hex/Tloc       0%         N/A       99%         3
 Stone Arrow              Conj/Erth      0%         3d7       99%         3
 Teleport Other           Tloc           0%         N/A       99%         3
 Vampiric Draining        Necr           0%         2d6       99%         3
 Animate Dead             Necr           0%         N/A       100%        4
 Cause Fear               Hex            0%         N/A       100%        4
 Fulminant Prism          Conj/Hex       0%         3d6       100%        4
 Iskenderun's Mystic Bla  Conj/Tloc      0%         2d3       100%        4
 Leda's Liquefaction      Hex/Erth       0%         N/A       100%        4
 Sticky Flame             Conj/Fire      0%         2d3       100%        4
 Borgnjor's Vile Clutch   Necr/Erth      0%         N/A       100%        5
 Lee's Rapid Deconstruct  Erth           0%         3d5*      100%        5
 Lightning Bolt           Conj/Air       0%         1d11      100%        5
 Manifold Assault         Tloc           0%         N/A       100%        5
 Death Channel            Necr           0%         N/A       100%        6
 Invisibility             Hex            0%         N/A       100%        6
 Iron Shot                Conj/Erth      0%         9d1       100%        6
 Starburst                Conj/Fire      0%         6d3       100%        6
 Borgnjor's Revivificati  Necr           0%         N/A       100%        8
 Discord                  Hex            0%         N/A       100%        8
 Infestation              Necr           0%         N/A       100%        8
 Lehudib's Crystal Spear  Conj/Erth      0%         10d2      100%        8
 Maxwell's Capacitive Co  Air            0%         ∞         100%        8
 Death's Door             Necr           0%         N/A       100%        9
 Sting                    Tmut/Pois      Unusable   1d3       N/A         1
 Summon Small Mammal      Summ           Unusable   N/A       N/A         1
 Call Imp                 Summ           Unusable   N/A       N/A         2
 Call Canine Familiar     Summ           Unusable   N/A       N/A         3
 Ignite Poison            Fire/Tmut/Pois Unusable   N/A       N/A         3
 Animate Armour           Summ/Erth      Unusable   N/A       N/A         4
 Alistair's Intoxication  Tmut/Pois      Unusable   N/A       N/A         5
 Simulacrum               Ice/Necr       Unusable   N/A       N/A         6

Dungeon Overview and Level Annotations

Branches:
Dungeon (15/15)            Temple (1/1) D:4            Lair (6/6) D:11
  Swamp (4/4) Lair:2       Spider (4/4) Lair:3        Slime (5/5) Lair:5
    Orc (2/2) D:12            Elf (3/3) Orc:2        Vaults (5/5) D:14
  Crypt (3/3) Vaults:2       Tomb (2/3) Crypt:3      Depths (0/5) D:15
  Sewer (visited)          Bailey (visited)           IceCv (visited)
Desolation (visited)      Gauntlet (visited)

Altars:
Ashenzari
Cheibriados
Dithmenos
Elyvilon
Fedhas
Gozag
Hepliaklqana
Kikubaaqudgha
Makhleb
Nemelex Xobeh
Okawaru
Qazlal
Ru
Sif Muna
Trog
Uskayaw
Vehumet
Wu Jian
Xom
Yredelemnul
Zin
The Shining One
Beogh
Jiyva

Shops:
D:2 ?*?*[   Orc:2 ([!*[   Elf:1 (   Vaults:2 !   Vaults:5 *

Portals:
Trove: Elf:2 (give +2 gold dragon scales)

Annotations:
Lair:4 exclusion: oklob plant


Innate Abilities, Weirdness & Mutations

You have a pair of horns on your head.
Potions are less effective at restoring your health.
You cannot be stealthy.
You cannot study or use magical devices.
You cannot study or cast Ice magic.
You cannot study or cast Summoning magic.
You cannot study or cast Transmutations magic.
You reflexively headbutt those who attack you in melee.
You are partially covered in iridescent scales. (AC +2)
Your natural rate of healing is unusually fast.
You are robust. (+10% HP)
You occasionally shout uncontrollably at your foes.


Message History

Visions of slaying the shadow wraith flood into your mind.
You feel sick.
The death scarab disappears in a puff of smoke!
The death scarab is stunned by your conviction and fails to attack.
You block the shadow wraith's attack.
The royal mummy begins to cast a spell, but is stunned by your conviction!
You feel your strength returning.
You slice the royal mummy!!
You destroy the royal mummy!
The emperor scorpion disappears in a puff of smoke!
You open the spectral bunyip like a pillowcase!!!
You cut the shadow wraith into ribbons!!!
You break out of your daze!
You destroy the shadow wraith!
The shadow wraith disappears in a puff of smoke!
You closely miss the mummy priest. You slash the death scarab!
You closely miss the emperor scorpion.
You feel extremely nervous for a moment...
You feel horribly lethargic.
You feel as though you will be slow longer.
Visions of slaying the mummy priest flood into your mind.
Your surroundings seem slightly different. 2 mummies come into view.
You are no longer entranced.
You feel sick. You block the red devil's attack.
The mummy priest calls on the powers of darkness!
The emperor scorpion convulses!
Your body is wracked with pain!
* * * LOW HITPOINT WARNING * * *
The mummy barely misses you.
You are too berserk!
Unknown command.
You cut the mummy into ribbons!!!!
You destroy the mummy!
Visions of slaying the red devil flood into your mind.
You feel sick.
A skeletal warrior comes into view. It is wielding a +0 broad axe.
You block the red devil's attack.
The ancient champion gestures at you while chanting.
The iron shot hits you!!
You die...

....z.^ ...... #...
..M.# ##... #...##
#....#######....##
.............M...##
..................##..
..........4...@.......
...^......zM4.........
......M.W.MBzW.).##...
.....§.ns.M3....... .
M.W.ZM§Bz.MWZW......
n.M..M§§Z..M.....^##..
.Z.).9§§§........## .
#)...#######....##
##.§§ ...#


You could see a royal mummy, an emperor scorpion (summoned), an ancient champion
(fast), 2 mummy priests, 2 skeletal warriors, a guardian mummy, a rust devil
(summoned), a spectral black mamba (summoned), a spectral bunyip (summoned), a
sixfirhy (summoned), 2 wraiths, 2 death scarabs, a red devil (summoned,
mesmerising), a necrophage (summoned), 2 shadows, 3 mummies and a wight
(summoned).

Vanquished Creatures
  the Royal Jelly (Slime:5)
  2 dread liches
  2 ancient liches (Vaults:5)
  Mennas (Vaults:3)
  3 royal mummies
  2 golden dragons (Vaults:5)
  A bone dragon (Swamp:4)
  Jory (Vaults:4)
  4 tentacled monstrosities
  Rupert (Lair:6)
  7 liches
  Mlioglotl (Spider:3)
  13 acid blobs
  3 deep elf blademasters
  2 deep elf master archers (Elf:3)
  2 quicksilver dragons (Vaults:5)
  Kirke (D:14)
  7 sphinxes
  2 ancient champions
  2 tengu reavers
  A thorn hunter (Swamp:4)
  5 storm dragons (Vaults:5)
  6 shadow dragons (Vaults:5)
  10 azure jellies
  2 revenants
  2 fenstrider witches (Swamp:4)
  9 rockslimes
  9 deep elf sorcerers
  3 frost giants (Vaults:5)
  A fire giant (Vaults:5)
  14 vault wardens
  4 imperial myrmidons (Desolation)
  5 ghost moths
  A juggernaut zombie (Crypt:3)
  3 deep elf elementalists (Elf:3)
  6 ironbound preservers
  5 ghouls
  4 curse skulls
  4 emperor scorpions (Spider:4)
  6 very ugly things
  8 war gargoyles
  The ghost of Dabor the Protected, a journeyman FoAK of Lugonu (Lair:5)
  2 reapers
  7 quicksilver oozes
  9 stone giants (Vaults:5)
  2 bennus (Tomb:1)
  A juggernaut skeleton (Crypt:2)
  4 deep elf demonologists
  12 bunyips
  4 vampire knights
  6 deep elf annihilators
  3 dire elephants (Vaults:2)
  2 entropy weavers
  A halazid warlock (Desolation)
  Azrael (Spider:2)
  2 spark wasps (Spider:4)
  A minotaur (Gauntlet)
  2 crystal guardians
  2 jiangshi (Crypt:3)
  3 eidola
  5 ettins
  9 ragged hierophants (Desolation)
  7 deep elf death magi
  6 eleionomae
  A quicksilver dragon zombie (Crypt:2)
  7 mummy priests
  13 yaktaur captains
  6 deep elf high priests
  Harold (D:8)
  9 great orbs of eyes
  8 peacekeepers
  4 ironbound thunderhulks
  4 servants of whispers (Desolation)
  32 vault guards
  3 ghost crabs
  12 hydras
  4 boulder beetles
  5 ironbound frosthearts
  An ice dragon (D:14)
  18 centaur warriors
  An ogre mage (D:15)
  9 two-headed ogres
  24 dancing weapons
  10 alligators
  6 death scarabs (Tomb:1)
  3 tengu warriors (D:15)
  4 death yaks (Lair:2)
  6 orc high priests (Orc:2)
  4 death knights
  3 vampire magi
  10 deep elf knights
  4 ironbound beastmasters
  A spriggan berserker (Lair:5)
  A titan zombie (Crypt:2)
  5 hell knights
  A fire crab (Lair:6)
  A fire crab (shapeshifter) (Gauntlet)
  9 skeletal warriors
  A shadow wraith (Crypt:3)
  4 goliath frogs
  2 large abominations (Elf:1)
  8 deep trolls
  A death drake (Swamp:4)
  A sea snake (shapeshifter) (Gauntlet)
  A glowing orange brain (Vaults:3)
  2 spriggan druids
  11 flayed ghosts
  2 swamp dragons
  6 deep elf archers
  9 bog bodies
  2 spectral hydras (Swamp:4)
  3 lindwurms
  6 wizards
  27 ironbound convokers
  3 spectral wolf spiders (Spider:4)
  8 deep elf zephyrmancers
  A golden dragon skeleton (Crypt:3)
  9 phantasmal warriors
  6 orc knights
  Pikel (D:4)
  An iron dragon zombie (Crypt:3)
  A harpy (shapeshifter) (D:15)
  8 necromancers
  6 wolf spider zombies
  46 ugly things
  27 wolf spiders
  21 deep elf pyromancers
  14 orb spiders
  8 harpies
  A wolf spider (shapeshifter) (Vaults:5)
  4 cyclopes
  A faun (shapeshifter) (Gauntlet)
  3 orc sorcerers
  3 shining eyes (Slime:2)
  9 fire giant skeletons (Crypt:3)
  2 will-o-the-wisps
  An ice statue (IceCv)
  A worldbinder (Gauntlet)
  A spriggan zombie (Crypt:3)
  2 moths of wrath
  A water nymph (shapeshifter) (Vaults:4)
  Maurice (D:8)
  5 elephants (Lair:6)
  A black mamba (shapeshifter) (D:13)
  4 centaur zombies
  An eleionoma skeleton (Crypt:1)
  7 black mambas
  An eye of devastation (Slime:5)
  6 gargoyles
  A naga zombie (Crypt:2)
  An eye of devastation (shapeshifter) (Gauntlet)
  5 cane toads
  14 vault sentinels
  6 guardian serpents (Desolation)
  A torpor snail (Spider:3)
  A cane toad (shapeshifter) (D:14)
  3 komodo dragons
  6 freezing wraiths
  An unseen horror (D:12)
  An efreet (D:15)
  2 rime drakes (D:12)
  13 demonic crawlers
  2 kobold demonologists (D:14)
  A red draconian zombie (Crypt:1)
  An anaconda simulacrum (IceCv)
  6 ice devils (IceCv)
  2 hydra zombies (Swamp:4)
  A white draconian skeleton (Crypt:2)
  An entropy weaver simulacrum (IceCv)
  A tengu conjurer (D:15)
  60 yaktaurs
  4 guardian mummies
  2 swamp worm zombies (Swamp:4)
  7 trolls
  4 harpy zombies
  A wind drake (shapeshifter) (Elf:3)
  7 tyrant leeches
  A sea snake skeleton (Crypt:2)
  20 hornets
  3 polar bears
  28 jumping spiders
  2 bloated husks
  2 wolf spider simulacra (Spider:4)
  31 blink frogs
  51 saltlings (Desolation)
  2 harpy skeletons (D:15)
  97 slime creatures
  A hydra skeleton (Tomb:1)
  13 dream sheep
  3 alligator zombies (Swamp:4)
  A death drake skeleton (Crypt:1)
  4 spectral swamp dragons (Swamp:4)
  A meliai zombie (D:11)
  An ice dragon zombie (Crypt:1)
  A centaur simulacrum (Tomb:1)
  5 fire dragon skeletons (Crypt:3)
  4 flying skulls (Tomb:1)
  21 tarantellas
  51 redbacks
  4 vampires (Crypt:3)
  A satyr skeleton (Crypt:1)
  11 wraiths
  36 yaks
  An air elemental (Elf:3)
  25 spriggans
  5 water elementals
  2 wyverns (D:8)
  4 shadows (Crypt:3)
  3 ushabtiu (Tomb:2)
  A dire elephant simulacrum (IceCv)
  4 fire elementals
  5 golden eyes
  2 basilisks
  A steam dragon (D:9)
  9 vampire mosquitoes
  Edmund (D:4)
  19 swamp worms
  3 harpy simulacra (IceCv)
  A merfolk zombie (Crypt:1)
  A deep troll zombie (Crypt:1)
  A hell hound (Spider:2)
  An acid dragon (D:10)
  10 wargs
  7 water moccasins
  A naga skeleton (Crypt:3)
  A floating eye (Slime:5)
  15 orc warriors
  3 swamp drakes (Swamp:2)
  3 sky beasts
  3 black bears (Lair:6)
  3 swamp dragon zombies (Swamp:4)
  2 ice beasts (D:7)
  3 necrophages
  8 ogres
  22 wolves
  6 boggarts
  4 centaurs
  6 phantoms (Swamp:4)
  7 kobold brigands
  4 elf zombies (Elf:1)
  Blork the orc (D:5)
  10 bullfrogs
  A gnoll sergeant (D:9)
  A wyvern zombie (D:6)
  3 earth elementals
  5 scorpions
  A wyvern skeleton (Crypt:2)
  2 water moccasin zombies
  A water moccasin skeleton (D:4)
  A cyclops skeleton (Crypt:2)
  6 killer bees (D:10)
  4 wights (D:9)
  3 electric eels
  7 howler monkeys
  A raiju skeleton (Crypt:1)
  A bullfrog zombie (D:5)
  4 hounds
  A wolf skeleton (Crypt:1)
  A bullfrog skeleton (D:5)
  4 centaur skeletons
  24 orc priests
  A human zombie (D:9)
  A jelly (D:4)
  Natasha (thrice) (D:3)
  20 orc wizards
  2 hell rats (Lair:1)
  A troll simulacrum (IceCv)
  2 polar bear simulacra (IceCv)
  A killer bee zombie (D:6)
  An ogre skeleton (Crypt:1)
  A hound skeleton (D:4)
  13 mummies
  Robin (D:4)
  7 gnolls
  2 howler monkey zombies
  12 adders
  A swamp drake zombie (Swamp:4)
  A river rat (shapeshifter) (Gauntlet)
  8 river rats
  2 shadow imps
  A white imp (D:6)
  An ufetubus (IceCv)
  A worm (D:4)
  106 orcs
  7 endoplasms
  6 giant cockroaches
  10 hobgoblins
  2 jackals (Sewer)
  6 quokkas
  4 ball pythons
  6 bats
  4 frilled lizards
  14 goblins
  A goblin skeleton (Crypt:1)
  20 kobolds
  11 rats
  2 briar patches (Swamp:3)
1900 creatures vanquished.

Vanquished Creatures (collateral kills)
  Dissolution (Slime:2)
  A royal mummy (Tomb:1)
  A titan (Vaults:5)
  2 acid blobs (Slime:5)
  3 sphinxes (Tomb:1)
  An ancient champion (Crypt:2)
  A thorn hunter (Swamp:3)
  An azure jelly (Slime:2)
  2 rockslimes (Slime:5)
  2 revenants (Crypt:2)
  An emperor scorpion (Spider:4)
  An orc warlord (Vaults:4)
  3 vault wardens
  A deep elf elementalist (Elf:3)
  A caustic shrike skeleton (Crypt:3)
  A stone giant (Vaults:1)
  A very ugly thing (Vaults:4)
  An entropy weaver (Spider:1)
  An eleionoma (Swamp:2)
  A bunyip (Swamp:1)
  A deep elf death mage (Elf:1)
  2 crystal guardians
  A mummy priest (Tomb:1)
  2 jiangshi (Crypt:2)
  3 yaktaur captains
  2 servants of whispers (Desolation)
  3 great orbs of eyes
  A vault guard (Vaults:3)
  2 boulder beetles
  A hydra (D:11)
  A ghost crab (Swamp:4)
  A two-headed ogre (D:13)
  2 catoblepae
  2 centaur warriors (Vaults:2)
  A death yak (Lair:2)
  3 dancing weapons (Elf:2)
  2 orc high priests (Orc:2)
  A hell knight (Vaults:1)
  4 deep elf knights
  A shadow wraith (Crypt:2)
  A spriggan druid (Swamp:1)
  A skeletal warrior (Crypt:2)
  A wizard (Vaults:1)
  10 orb spiders
  A harpy (Vaults:4)
  A necromancer (Vaults:1)
  A spectral wolf spider (Spider:4)
  A phantasmal warrior (Swamp:4)
  4 deep elf zephyrmancers
  2 ironbound convokers
  5 deep elf pyromancers
  An orc knight (Vaults:4)
  7 ugly things
  8 wolf spiders
  21 slime creatures
  An ice statue (IceCv)
  A guardian serpent (Desolation)
  2 fire giant skeletons (Crypt:3)
  5 vault sentinels
  A swamp worm zombie (Swamp:4)
  Psyche (D:9)
  A demonic crawler (Spider:4)
  2 freezing wraiths
  8 yaktaurs
  An anaconda simulacrum (IceCv)
  An ice devil (IceCv)
  2 harpy zombies
  2 guardian mummies (Tomb:1)
  A wolf spider simulacrum (Spider:4)
  10 jumping spiders
  A tyrant leech (Swamp:3)
  A troll (Orc:2)
  A meliai (shapeshifter) (Vaults:5)
  3 hornets
  9 saltlings (Desolation)
  3 blink frogs
  21 redbacks
  A spriggan (Lair:5)
  A wraith (Crypt:2)
  A wyvern (D:11)
  A fire elemental (Spider:2)
  An ushabti (Tomb:1)
  4 tarantellas
  5 yaks
  A vampire mosquito (D:11)
  A warg (Orc:1)
  2 harpy simulacra (IceCv)
  2 swamp worms (Swamp:3)
  A hell hound (Spider:2)
  2 naga skeletons
  2 orc warriors
  A necrophage (D:9)
  A centaur (D:12)
  2 boggarts
  A dream sheep skeleton (Crypt:2)
  6 wolves
  A kobold brigand (D:11)
  A bullfrog (Lair:3)
  A scorpion (Lair:3)
  A wight (D:9)
  An electric eel (Lair:4)
  2 howler monkeys
  5 centaur zombies
  10 orc priests
  An orc wizard (D:9)
  8 mummies
  A worm (Lair:3)
  25 orcs
  A giant cockroach (Lair:3)
  4 kobolds
  A briar patch (Swamp:3)
  A bush (Lair:1)
306 creatures vanquished.

Vanquished Creatures (others)
  A quicksilver dragon (Vaults:5)
  A tengu reaver (Vaults:5)
  An orc warlord (Vaults:1)
  A yaktaur captain (Vaults:5)
  2 vault guards
  A ghost crab (Swamp:4)
  A two-headed ogre (D:9)
  A centaur warrior (Vaults:2)
  A satyr (shapeshifter) (Vaults:5)
  2 deep elf knights
  2 wizards
  A cyclops (D:15)
  A cane toad (Lair:6)
  A vault sentinel (Vaults:2)
  A yaktaur (Vaults:4)
  A rime drake (Lair:6)
  A bloated husk (Swamp:4)
  A jumping spider (Spider:4)
  2 hornets
  A saltling (Desolation)
  A wolf spider simulacrum (Spider:4)
  2 slime creatures
  A dream sheep (Lair:6)
  A redback (Spider:4)
  A dire elephant simulacrum (IceCv)
  A human (D:14)
  A swamp worm (shapeshifter) (Vaults:5)
  A swamp worm (Swamp:3)
  A necrophage (Crypt:2)
  A wolf (Lair:6)
  2 swamp dragon zombies (Swamp:4)
  2 phantoms (Swamp:4)
  A swamp drake zombie (Swamp:4)
  3 orcs
  A briar patch (Swamp:3)
  A demonic plant (Gauntlet)
  6 foxfires
  29 fungi
  48 plants
  14 withered plants
142 creatures vanquished.

Grand Total: 2348 creatures vanquished

Notes
Turn   | Place    | Note
-------+----------+-------------------------------------------
     0 | D:1      | Welzeim the Minotaur Fighter began the quest for the Orb.
     0 | D:1      | Reached XP level 1. HP: 19/19 MP: 0/0
   149 | D:1      | Reached XP level 2. HP: 24/27 MP: 1/1
   302 | D:1      | Reached skill level 4 in Fighting
   853 | D:1      | Reached XP level 3. HP: 33/33 MP: 2/2
  1270 | D:2      | Found a faded altar of an unknown god.
  1593 | D:2      | Found Wiweh's General Store.
  1599 | D:2      | Bought a scroll of identify for 28 gold pieces
  1763 | D:2      | Found Ijib Lela's Antique Armour Boutique.
  1895 | D:2      | Found Sugi's Magic Scroll Boutique.
  1898 | D:2      | Bought a scroll of identify for 26 gold pieces
  1945 | D:2      | Found Bastrepn's Assorted Antiques.
  2028 | D:2      | Reached XP level 4. HP: 41/41 MP: 3/3
  2220 | D:2      | Found Aci Huer's Magic Scroll Emporium.
  2258 | D:2      | Reached skill level 5 in Armour
  3001 | D:3      | Noticed Natasha
  3008 | D:3      | Killed Natasha
  3009 | D:3      | Reached XP level 5. HP: 46/47 MP: 4/4
  3184 | D:3      | Noticed Natasha
  3192 | D:3      | Killed Natasha
  3280 | D:3      | Noticed Natasha
  3290 | D:3      | Killed Natasha
  3421 | D:3      | Found a stormy altar of Qazlal.
  3731 | D:4      | Found a staircase to the Ecumenical Temple.
  3748 | D:4      | Noticed Edmund
  3761 | D:4      | Killed Edmund
  3762 | D:4      | Reached skill level 5 in Fighting
  3762 | D:4      | Reached XP level 6. HP: 36/56 MP: 5/5
  3790 | Temple   | Entered the Ecumenical Temple
  3961 | Temple   | Became a worshipper of Ru the Awakened
  4085 | D:4      | Found a white marble altar of Elyvilon.
  4123 | D:4      | Reached XP level 7. HP: 22/61 MP: 6/6
  4348 | D:4      | Reached skill level 5 in Maces & Flails
  4436 | D:4      | Found an iron altar of Okawaru.
  4469 | D:4      | Reached skill level 1 in Evocations
  4564 | D:4      | Noticed Pikel
  4569 | D:4      | Killed Pikel
  4570 | D:4      | Reached skill level 6 in Fighting
  4570 | D:4      | Reached XP level 8. HP: 70/70 MP: 7/7
  4858 | D:4      | Noticed Robin
  4864 | D:4      | Killed Robin
  5025 | D:5      | Entered Level 5 of the Dungeon
  5077 | D:5      | Found a glowing drain.
  5088 | Sewer    | Entered a sewer
  5197 | Sewer    | Found a white marble altar of Elyvilon.
  5315 | D:5      | Gained mutation: You cannot study or use magical devices.
                  | [Ru sacrifice]
  5315 | D:5      | Reached * piety under Ru
  5315 | D:5      | Reached ** piety under Ru
  5340 | D:5      | Reached skill level 5 in Shields
  5347 | D:5      | Found an ancient bone altar of Kikubaaqudgha.
  5979 | D:5      | Reached skill level 7 in Fighting
  6300 | D:5      | Noticed Blork the orc
  6305 | D:5      | Killed Blork the orc
  6638 | D:6      | Reached XP level 9. HP: 79/79 MP: 8/8
  6733 | D:6      | Found the +14 obsidian axe {vorpal, Mesm Drain Fly SInv}
  7359 | D:7      | Reached skill level 1 in Axes
  7363 | D:7      | Reached skill level 8 in Fighting
  7371 | D:7      | Found a flagged portal.
  7388 | Bailey   | Entered a bailey
  7607 | Bailey   | Noticed an orc knight
  7621 | Bailey   | Killed an orc knight
  7622 | Bailey   | Reached skill level 5 in Axes
  7633 | Bailey   | Gained mutation: You cannot study or cast Ice magic. [Ru
                  | sacrifice]
  7633 | Bailey   | Gained mutation: You cannot study or cast Transmutations
                  | magic. [Ru sacrifice]
  7633 | Bailey   | Gained mutation: You cannot study or cast Summoning magic.
                  | [Ru sacrifice]
  7633 | Bailey   | Reached *** piety under Ru
  8175 | Bailey   | Noticed a hellwing
  8396 | D:7      | Noticed a two-headed ogre
  8408 | D:7      | Killed a two-headed ogre
  8409 | D:7      | Reached skill level 9 in Fighting
  8409 | D:7      | Reached skill level 10 in Armour
  8409 | D:7      | Reached XP level 10. HP: 65/91 MP: 9/9
  8635 | D:7      | Found a bloodstained altar of Trog.
  8729 | D:7      | Identified the +5 fustibalus of the Crawling Thing {speed,
                  | rPois Int+4 Dex-3}
  8783 | D:7      | Found an ornate altar of the Wu Jian Council.
  8884 | D:7      | Found a shimmering altar of Xom.
  9399 | D:8      | Noticed Harold
  9411 | D:8      | Killed Harold
 10053 | D:8      | Noticed Maurice
 10068 | D:8      | Paralysed by Maurice for 3 turns
 10076 | D:8      | Killed Maurice
 10199 | D:9      | Noticed a two-headed ogre
 10204 | D:9      | Killed a two-headed ogre
 10205 | D:9      | Reached XP level 11. HP: 88/99 MP: 10/10
 10206 | D:9      | Reached skill level 10 in Fighting
 10739 | D:9      | Noticed Psyche
 10744 | D:9      | Killed Psyche
 10776 | D:9      | Found a basalt altar of Yredelemnul.
 10901 | D:10     | Entered Level 10 of the Dungeon
 11066 | D:10     | Reached skill level 10 in Axes
 11374 | D:10     | Noticed a two-headed ogre
 11379 | D:10     | Killed a two-headed ogre
 11989 | D:11     | Reached skill level 11 in Fighting
 11993 | D:11     | Found a staircase to the Lair.
 12075 | D:11     | Noticed a six-headed hydra
 12081 | D:11     | Killed a six-headed hydra
 12486 | Lair:1   | Entered Level 1 of the Lair of Beasts
 12914 | Lair:1   | Reached XP level 12. HP: 110/110 MP: 11/11
 13537 | Lair:2   | Found a staircase to the Swamp.
 13990 | Lair:2   | Reached skill level 12 in Fighting
 14368 | Lair:2   | Noticed a death yak
 14368 | Lair:2   | Noticed a death yak
 14369 | Lair:2   | Noticed a death yak
 14369 | Lair:2   | Noticed a death yak
 14370 | Lair:2   | Noticed a death yak
 14375 | Lair:2   | Killed a death yak
 14379 | Lair:2   | Killed a death yak
 14380 | Lair:2   | Killed a death yak
 14382 | Lair:2   | Killed a death yak
 14384 | Lair:2   | Killed a death yak
 14820 | Lair:3   | Found a shimmering altar of Xom.
 14908 | Lair:3   | Found a hole to the Spider Nest.
 15085 | Lair:3   | Reached skill level 13 in Fighting
 15175 | Lair:3   | Noticed a catoblepas
 15188 | Lair:3   | Killed a catoblepas
 15189 | Lair:3   | Reached XP level 13. HP: 119/122 MP: 10/12
 15955 | Lair:4   | Reached skill level 10 in Shields
 16560 | Lair:4   | Reached skill level 15 in Axes
 16567 | Lair:4   | You are sucked into a shaft and drop 1 floor!
 16567 | Lair:5   | Found a staircase to the Slime Pits.
 16567 | Lair:5   | Found a viscous altar of Jiyva.
 16576 | Lair:5   | Found a transporter.
 16676 | Lair:4   | Gained mutation: You are covered in fur. (AC +1) [potion of
                  | mutation]
 16676 | Lair:4   | Gained mutation: You are dopey. (Int -2) [potion of
                  | mutation]
 16676 | Lair:4   | Gained mutation: You have an increased reservoir of magic.
                  | (+10% MP) [potion of mutation]
 16677 | Lair:4   | Lost mutation: You are dopey. (Int -2) [potion of mutation]
 16677 | Lair:4   | Lost mutation: You have an increased reservoir of magic.
                  | (+10% MP) [potion of mutation]
 16677 | Lair:4   | Gained mutation: Your spells are a little easier to cast,
                  | but a little less powerful. [potion of mutation]
 16677 | Lair:4   | Gained mutation: You are robust. (+10% HP) [potion of
                  | mutation]
 16972 | Lair:5   | Reached skill level 14 in Fighting
 17873 | Lair:5   | Noticed Dabor's ghost (journeyman FoAK)
 17928 | Lair:5   | Found a transporter.
 18355 | Lair:5   | Found a bloodstained altar of Trog.
 18411 | Lair:5   | Killed Dabor's ghost
 18415 | Lair:5   | HP: 8/205 [spriggan rider (6)]
 18787 | Lair:5   | Identified 2 scrolls of acquirement
 18787 | Lair:5   | Acquired 1094 gold pieces
 18788 | Lair:5   | Acquired the +3 hat of Gozag's Regard {Regen+ rCorr}
 18851 | Lair:6   | Entered Level 6 of the Lair of Beasts
 19224 | Lair:6   | Reached XP level 14. HP: 124/131 MP: 10/13
 19302 | Lair:6   | Noticed Rupert
 19326 | Lair:6   | Killed Rupert
 19339 | Lair:6   | Reached skill level 15 in Fighting
 19361 | Lair:6   | Reached skill level 10 in Maces & Flails
 19717 | Lair:6   | Reached skill level 15 in Armour
 20897 | D:12     | Found a frozen archway.
 20925 | IceCv    | Entered an ice cave
 21043 | IceCv    | Gained mutation: Potions are less effective at restoring
                  | your health. [Ru sacrifice]
 21043 | IceCv    | Reached **** piety under Ru
 21259 | IceCv    | Noticed a reaper
 21267 | IceCv    | Killed a reaper
 21403 | D:12     | Identified the +1 leather armour of Lexzos {Slay+3}
 21504 | D:12     | Lost mutation: Your spells are a little easier to cast, but
                  | a little less powerful. [potion of mutation]
 21504 | D:12     | Lost mutation: You are covered in fur. (AC +1) [potion of
                  | mutation]
 21504 | D:12     | Gained mutation: Your natural rate of healing is unusually
                  | fast. [potion of mutation]
 21504 | D:12     | Gained mutation: You are partially covered in iridescent
                  | scales. (AC +2) [potion of mutation]
 21549 | D:12     | Found a staircase to the Orcish Mines.
 21738 | D:12     | You are sucked into a shaft and drop 3 floors!
 21738 | D:15     | Entered Level 15 of the Dungeon
 21753 | D:15     | Paralysed by an orc sorcerer for 6 turns
 21774 | D:15     | Found the +6 shillelagh "Devastator" {shatter}
 21782 | D:15     | Reached skill level 16 in Fighting
 21799 | D:15     | Found a gate leading to a gauntlet.
 21821 | Gauntlet | Entered a Gauntlet
 21821 | Gauntlet | Found a transporter.
 21821 | Gauntlet | Found a transporter.
 21825 | Gauntlet | Found a transporter.
 21825 | Gauntlet | Found a transporter.
 21825 | Gauntlet | Found a transporter.
 21825 | Gauntlet | Found a transporter.
 21835 | Gauntlet | Found a transporter.
 21839 | Gauntlet | Found a transporter.
 21840 | Gauntlet | Found a transporter.
 21840 | Gauntlet | Found a transporter.
 21849 | Gauntlet | Found a transporter.
 21965 | Gauntlet | Found a transporter.
 22055 | Gauntlet | Gained mutation: You occasionally shout uncontrollably at
                  | your foes. [a shining eye]
 22191 | Gauntlet | Reached XP level 15. HP: 158/158 MP: 14/14
 22415 | D:15     | Found a sacrificial altar of Ru.
 22469 | D:15     | Found a staircase to the Depths.
 22652 | D:15     | Gained mutation: You cannot be stealthy. [Ru sacrifice]
 22652 | D:15     | Reached ***** piety under Ru
 22839 | D:14     | Noticed Kirke
 22845 | D:14     | Killed Kirke
 22893 | D:14     | Reached skill level 17 in Fighting
 22947 | D:14     | Found a gate to the Vaults.
 23371 | D:14     | Found a blossoming altar of Fedhas.
 23866 | D:13     | Reached XP level 16. HP: 172/172 MP: 15/15
 23941 | D:13     | Acquired a +0 kite shield of protection
 24915 | Orc:1    | Entered Level 1 of the Orcish Mines
 25201 | Orc:2    | Entered Level 2 of the Orcish Mines
 25202 | Orc:2    | Found a staircase to the Elven Halls.
 25203 | Orc:2    | Found Bamerphetz's Weapon Shoppe.
 25315 | Orc:2    | Reached skill level 18 in Fighting
 25384 | Orc:2    | Found Gotafode's Distillery.
 25384 | Orc:2    | Found Gant's Antique Armour Shoppe.
 25598 | Orc:2    | Bought a potion of experience for 550 gold pieces
 25598 | Orc:2    | Bought a potion of haste for 110 gold pieces
 25598 | Orc:2    | Reached XP level 17. HP: 169/169 MP: 16/16
 25608 | Orc:2    | Bought the +3 pair of gauntlets of War {Slay+5} for 1187
                  | gold pieces
 25608 | Orc:2    | Found the +3 pair of gauntlets of War {Slay+5}
 25608 | Orc:2    | Bought a pair of buzzing boots for 237 gold pieces
 25608 | Orc:2    | Identified the +0 pair of boots of Amelioration {*Corrode
                  | rC+ Str+9 Dex-5 Stlth+} (You bought it in a shop on level 2
                  | of the Orcish Mines)
 25895 | Orc:2    | Found Paezoell's Armour Boutique.
 25895 | Orc:2    | Found Zoateh's Assorted Antiques.
 25910 | Orc:2    | Bought a tower shield for 139 gold pieces
 26250 | Spider:1 | Entered Level 1 of the Spider Nest
 26866 | Spider:1 | Reached skill level 15 in Shields
 27273 | Spider:1 | Identified the +2 falchion of Moderation {vamp, *Rage rC+
                  | Int-2}
 27563 | Spider:2 | Noticed Azrael
 27569 | Spider:2 | Killed Azrael
 27667 | Spider:2 | Reached skill level 19 in Fighting
 28082 | Spider:3 | Reached skill level 1 in Invocations
 28145 | Spider:3 | Noticed Mlioglotl
 28153 | Spider:3 | Killed Mlioglotl
 28253 | Spider:3 | Acquired 545 gold pieces
 28261 | Spider:3 | Reached XP level 18. HP: 193/193 MP: 18/18
 28872 | Spider:4 | Entered Level 4 of the Spider Nest
 29391 | Spider:4 | Reached skill level 20 in Fighting
 29678 | Spider:4 | Got a gossamer rune of Zot
 30067 | Elf:1    | Entered Level 1 of the Elven Halls
 30083 | Elf:1    | Found Hohaania's Antique Weapon Shop.
 30131 | Elf:1    | Found a crumbling gateway.
 30141 | Desolati | Entered the Desolation of Salt
 30176 | Desolati | Identified the +1 pair of boots "Xares" {rElec rF-}
 30294 | Desolati | Reached skill level 5 in Invocations
 30346 | Desolati | Got the Handbook of Hurtful Lightness
 30433 | Desolati | Reached XP level 19. HP: 201/205 MP: 20/22
 30435 | Desolati | Identified the +3 broad axe of Termination {drain, rElec
                  | Str+9 Dex-3 Stlth-}
 30487 | Desolati | Identified the ring "Ymnarufy" {Contam rF+ rCorr Str+5}
 30596 | Desolati | Got the Compendium of Earthen Venom
 30674 | Desolati | Identified the ring "Gohumut" {rN+ EV+4}
 31217 | Elf:1    | Reached skill level 21 in Fighting
 31246 | Elf:1    | Got the Disquisition on Dark Magic
 31352 | Elf:1    | Acquired the amulet "Romowuh" {*Corrode rF+ Regen+ MP+9
                  | Str+10}
 32138 | Elf:2    | Found a runed translucent gate.
 32139 | Elf:2    | Found a runed translucent gate.
 32139 | Elf:2    | Found a runed translucent gate.
 32198 | Elf:2    | Found a portal to a secret trove of treasure.
 32740 | Elf:3    | Entered Level 3 of the Elven Halls
 32936 | Elf:3    | Reached XP level 20. HP: 218/218 MP: 24/24
 33093 | Elf:3    | Identified the +5 scimitar "Zechen" {flame, Int+3}
 33112 | Elf:3    | Reached skill level 22 in Fighting
 33131 | Elf:3    | Identified the +6 hunting sling "Ubrow" {flame, *Slow rElec
                  | rCorr}
 33135 | Elf:3    | Identified the +9 long sword "Sarankob" {spect, Stlth+}
 33141 | Elf:3    | Identified the +2 mace "Wadoen" {drain, Contam *Rage +Blink
                  | Int+6}
 33144 | Elf:3    | Identified the +5 morningstar "Seqyewya" {vorpal, rC+
                  | Will+}
 33161 | Elf:3    | Identified the ring of Trepidation {Wiz rC- rCorr Str+7
                  | Dex+4}
 33165 | Elf:3    | Identified the +4 war axe of Light {venom, rCorr}
 33172 | Elf:3    | Identified the +2 pair of gloves of Dyspraxia {Will+ Int+3}
 33176 | Elf:3    | Identified the ring "Ysmuir" {rC+ MP+9 Str+2}
 33209 | Elf:3    | Identified the +1 chain mail of Death Resistance {Will+
                  | Str+2}
 33210 | Elf:3    | Identified the +4 long sword "Uhicon" {pain, rPois Will+
                  | Int+4}
 33213 | Elf:3    | Identified the +6 dagger "Vaussiha" {freeze, Int+3 SInv}
 33304 | Elf:3    | Paralysed by an air elemental for 1 turns
 33385 | Elf:3    | Identified the +8 chain mail of the Monk {Str+6 Int+6}
 33802 | Slime:1  | Entered Level 1 of the Pits of Slime
 35456 | Slime:5  | Entered Level 5 of the Pits of Slime
 35523 | Slime:5  | Noticed the Royal Jelly
 35524 | Slime:5  | Found a viscous altar of Jiyva.
 35556 | Slime:5  | Killed the Royal Jelly
 35557 | Slime:5  | Reached skill level 23 in Fighting
 35557 | Slime:5  | Reached XP level 21. HP: 184/232 MP: 26/26
 35567 | Slime:5  | Identified the +0 plate armour of the Shining Light {Harm
                  | Str+5}
 35610 | Slime:5  | Identified the +4 ring mail of Precision Catastrophes
                  | {rCorr}
 35621 | Slime:5  | Identified the amulet "Pano" {rF+ Regen+ Slay+5}
 35624 | Slime:5  | Got a slimy rune of Zot
 35648 | Slime:5  | Identified the ring "Ohuaplenn" {Fly rCorr Str+6 Dex+4}
 35650 | Slime:5  | Identified the +3 buckler "Regaw" {Harm rElec Dex+5 Stlth-}
 35720 | Slime:5  | Identified the +5 plate armour of Dishonesty {Harm rC-
                  | Int+7}
 35721 | Slime:5  | Identified the ring "Qiraacw" {rPois Dex+6}
 36196 | Slime:2  | Noticed Dissolution
 36204 | Slime:2  | Killed Dissolution
 36522 | Swamp:1  | Entered Level 1 of the Swamp
 36950 | Swamp:1  | Identified the +5 falchion of Havoc {drain, rF+}
 37436 | Swamp:2  | Reached skill level 10 in Invocations
 37662 | Swamp:3  | Acquired 1079 gold pieces
 38207 | Swamp:4  | Entered Level 4 of the Swamp
 38689 | Swamp:4  | Reached skill level 24 in Fighting
 38689 | Swamp:4  | Reached XP level 22. HP: 183/210 MP: 28/28
 38767 | Swamp:4  | Got a decaying rune of Zot
 38960 | Vaults:1 | Entered Level 1 of the Vaults
 40534 | Vaults:2 | Found Neuzi's Distillery.
 40544 | Vaults:2 | Bought a potion of resistance for 130 gold pieces
 40544 | Vaults:2 | Bought a potion of haste for 130 gold pieces
 40544 | Vaults:2 | Bought a potion of heal wounds for 65 gold pieces
 41115 | Vaults:2 | Found a staircase to the Crypt.
 41115 | Vaults:2 | Found a basalt altar of Yredelemnul.
 41116 | Vaults:2 | Found an ancient bone altar of Kikubaaqudgha.
 41170 | Vaults:2 | Identified the +12 trident "Xeac" {elec, Fragile rC++
                  | Dex+4}
 41272 | Vaults:3 | Reached skill level 25 in Fighting
 41616 | Vaults:3 | Reached XP level 23. HP: 257/257 MP: 30/30
 41652 | Vaults:3 | Noticed Mennas
 41664 | Vaults:3 | Killed Mennas
 42037 | Vaults:3 | You are sucked into a shaft and drop 1 floor!
 42132 | Vaults:4 | Found a flickering gateway to a bazaar.
 42142 | Bazaar   | Entered a bazaar
 42176 | Bazaar   | Found Gudasso's Antique Weapon Shoppe.
 42176 | Bazaar   | Found Hoden's Antique Armour Emporium.
 42198 | Bazaar   | Found Luxumim's Book Shoppe.
 42240 | Bazaar   | Bought an embroidered cloak for 210 gold pieces
 42603 | Vaults:4 | Noticed Jory
 42615 | Vaults:4 | Killed Jory
 43223 | Vaults:5 | Entered Level 5 of the Vaults
 43256 | Vaults:5 | Noticed an ancient lich
 43267 | Vaults:5 | Reached skill level 26 in Fighting
 43282 | Vaults:5 | Killed an ancient lich
 43283 | Vaults:5 | Reached XP level 24. HP: 129/269 MP: 31/31
 43283 | Vaults:5 | Noticed a dread lich
 43289 | Vaults:5 | Noticed an ancient lich
 43294 | Vaults:5 | Identified the ring "Raetaqok" {rN+ Str+2}
 43297 | Vaults:5 | Identified the ring of Sin {Wiz *Corrode Will+ MP+9 Str+5}
 43301 | Vaults:5 | Killed a dread lich
 43304 | Vaults:5 | Killed an ancient lich
 43318 | Vaults:5 | Identified the ring "Ynno" {Fire Will+ Int+2 Slay+2}
 43540 | Vaults:5 | Identified the +0 buckler of Impressiveness {rPois Will+}
 43600 | Vaults:5 | Found the +0 mask of the Dragon {Will+ Slay+3 SInv}
 43700 | Vaults:5 | Identified the +3 rapier "Cuefyjae" {protect, Fly}
 43837 | Vaults:5 | Identified the +3 quarterstaff "Vimiut" {spect, *Rage rElec
                  | SInv}
 43869 | Vaults:5 | Identified the +6 rapier of Fikyl {vorpal, rElec rC- Str+2}
 43869 | Vaults:5 | Identified the ring of Heresy {Ice +Blink rPois rN+++
                  | Dex-3}
 44060 | Vaults:5 | Found Joqariu's General Store.
 44066 | Vaults:5 | Bought a scroll of summoning for 142 gold pieces
 44066 | Vaults:5 | Bought a scroll of acquirement for 780 gold pieces
 44066 | Vaults:5 | Acquired 710 gold pieces
 44138 | Vaults:5 | Identified the +8 hunting sling of the Morning {venom,
                  | MP+9}
 44339 | Vaults:5 | Got a silver rune of Zot
 44485 | Crypt:1  | Entered Level 1 of the Crypt
 44761 | Crypt:1  | Reached skill level 27 in Fighting
 45377 | Crypt:2  | Reached XP level 25. HP: 147/249 MP: 32/32
 45895 | Crypt:2  | Identified the +0 pair of gloves of Alatacai {Slay+4}
 45921 | Crypt:3  | Entered Level 3 of the Crypt
 46321 | Crypt:3  | Got Xalapn's Handbook of Unholy Rites
 46400 | Crypt:3  | Found a staircase to the Tomb.
 46513 | Crypt:3  | Identified the +5 plate armour "Vuequ" {Str+7}
 46578 | Crypt:3  | Identified the +5 dagger "Fopryass" {flame, *Rage rPois}
 46910 | Crypt:3  | Found an ancient bone altar of Kikubaaqudgha.
 46929 | Crypt:3  | Found the macabre finger necklace {rN+}
 46945 | Crypt:3  | Identified the ring "Duhak" {AC+4 Int+4}
 46955 | Crypt:3  | Noticed a dread lich
 46961 | Crypt:3  | Killed a dread lich
 47440 | Tomb:1   | Entered Level 1 of the Tomb of the Ancients
 47661 | Tomb:1   | Paralysed by a sphinx for 2 turns
 47809 | Tomb:1   | Noticed a royal mummy
 47815 | Tomb:1   | Killed a royal mummy
 47818 | Tomb:1   | Noticed a royal mummy
 47825 | Tomb:1   | Killed a royal mummy
 47994 | Tomb:2   | Noticed a royal mummy
 47998 | Tomb:2   | Noticed a royal mummy
 47998 | Tomb:2   | Noticed a royal mummy
 47998 | Tomb:2   | Noticed a royal mummy
 48010 | Tomb:2   | Killed a royal mummy
 48011 | Tomb:2   | Killed a royal mummy
 48011 | Tomb:2   | HP: 18/396 [??? (7)]
 48012 | Tomb:2   | Killed from afar by an ancient champion

Illustrated notes

Levels and vault maps discovered:
D:1:      onia_arrival_mini_maze, layout_loops_cross, serial_forest,
          infiniplex_forest_end_2, infiniplex_forest_clump_cross,
          infiniplex_forest_end_double, infiniplex_forest_clump_small,
          infiniplex_forest_straight_3, infiniplex_forest_straight_3
D:2:      layout_basic, serial_shops, shop_statue, shop_scrolls,
          nicolae_shop_stone, nicolae_shop_stone, shop,
          shapermc_ecumenical_altar_hornbeckon, serial_bayou,
          serial_bayou_crossing, serial_bayou_ford_a, serial_bayou_pond_c,
          serial_bayou_shore_b
D:3:      layout_loops_ring, lemuel_round_altar, hangedman_decor_growths,
          uniq_natasha
D:4:      layout_loops_ring, elyvilon_altar_3, okawaru_ov_weapons_minmay,
          minmay_temple_entry_statues_fountains, minmay_misc_feat_plants,
          grunt_ministairs_12, uniq_edmund, uniq_pikel, uniq_robin
D:5:      layout_loops_corners, mainiacjoe_overflow_concentric_impassable,
          portal_sewer_entry_e, st_stairs_7, kennysheep_nondescript,
          minmay_misc_feat_doors, uniq_blork_the_orc
D:6:      layout_loops_ring, kennysheep_potato
D:7:      layout_loops_cross, nzn_wu_jian_contemplation, kennysheep_mini_moat,
          lemuel_tele_altar, enter_bailey_2, serial_bayou_lagoon_b
D:8:      layout_gridville, uniq_harold, uniq_maurice
D:9:      layout_loops_ring, lemuel_mausoleum_altar_yredelemnul,
          minmay_misc_feat_enclosed, uniq_psyche
D:10:     layout_stronghold
D:11:     layout_rooms, erik_lair_orcish_takeover
D:12:     layout_loops_corners, hiddenorc2_lemuel, portal_ice_cave_rime
D:13:     layout_small_grid
D:14:     layout_small_grid, erik_vaults_1, fedhas_altar_1, grunt_ministairs_10,
          uniq_kirke
D:15:     hangedman_depths_entry_civil_slaughter, layout_rooms,
          gauntlet_entry_generic, nicolae_ru_sacrificial_ziggurat
Temple:   jpeg_temple_clearing
Lair:1:   layout_regular_city, minmay_hedge_maze, kennysheep_rathole,
          serial_bayou_shore_b, infiniplex_staircase_pool_2,
          serial_bayou_shore_b, serial_bayou_shore_b
Lair:2:   layout_regular_city, skrybe_swamp_entry_bodies,
          eino_small_chamber_without_monster
Lair:3:   layout_cave_pods, nicolae_spider_entry_non_spiders, basic_altar,
          grunt_megastairs_5
Lair:4:   layout_long_grid, serial_bayou_shore_a
Lair:5:   layout_concentric_octagons, slime_altar_1,
          gammafunk_ghost_wrathful_warriors, grunt_megastairs_2
Lair:6:   minmay_lair_end_enchanted_forest, layout_cave_pods, lemuel_fruit_tree,
          uniq_rupert
Swamp:1:  nicolae_swamp_ascending_descending_big, layout_falls_marsh,
          evilmike_swamp_ruin_house_2, swamp_pool2, nicolae_swamp_bunyip_nook
Swamp:2:  layout_falls_marsh, infiniplex_staircase_pool, swamp_pool5
Swamp:3:  layout_basic_swamp, evilmike_swamp_ruin_wall, nicolae_swamp_no_escape
Swamp:4:  swamp_pestilence, layout_basic_swamp
Spider:1: layout_chambers
Spider:2: layout_spider_delve, nicolae_spider_spiderdrome, uniq_azrael
Spider:3: layout_spider_delve, nicolae_orb_island, uniq_mlioglotl
Spider:4: guppyfry_spider_rune, nicolae_spider_undead_wolf_pack
Slime:1:  layout_caves, nicolae_slime_barrier,
          cheibrodos_slime_lost_civilization_4
Slime:2:  layout_caves, uniq_dissolution
Slime:3:  layout_caves
Slime:4:  layout_caves
Slime:5
Orc:1:    layout_caves
Orc:2:    st_orc_town, layout_caves, basic_altar, serial_shops,
          nicolae_shop_statue_plus
Elf:1:    elf_arrival_001, layout_geoelf_grid, serial_shops,
          nicolae_square_shop,
          portal_desolation_entry_nicolae_menacing_earthworks,
          minmay_elf_necromancy, grunt_ministairs_6
Elf:2:    nicolae_elf_blades_crystal_corner, layout_geoelf_diagonals,
          enter_trove_6, serial_sigils_hangedman_snap
Elf:3:    minmay_elf_hall_statues, layout_loops_ring, minivault_16
Vaults:1: nicolae_vaults_c_with_doors, grunt_vaults_diagonal,
          vaults_room_grunt_arrival_ludios, grunt_vaults_swirl, v_misc_19,
          v_misc_12, nicolae_vaults_yaktaur_gun_rack, grunt_vaults_focal,
          nicolae_vaults_border_crossing, layout_vaults_omnigrid
Vaults:2: ontoclasm_vaults_ring_large, vaults_standard_mumra_x,
          vaults_dpeg_encased_lava, minmay_crypt_entry_necro_gods, v_misc_2,
          hangedman_vaults_unwind, vaults_room_semicircle,
          nicolae_vaults_know_your_exits, vaults_dpeg_ring,
          nicolae_vaults_three_branches, layout_vaults_maze_snakey,
          serial_shops, shop
Vaults:3: vaults_standard_mumra_lines, nicolae_vaults_network_s,
          hangedman_vaults_slice, nicolae_vaults_little_squares_6,
          vaults_room_grunt_arrival_checkpoint, v_misc_17,
          layout_vaults_omnicross, uniq_mennas
Vaults:4: ontoclasm_vaults_gateway, vaults_room_guarded_vault, v_misc_27,
          grunt_vaults_bifocal, ontoclasm_vaults_loading_screen,
          hangedman_vaults_snaps, vaults_dpeg_cross, v_misc_9,
          ontoclasm_vaults_twist, layout_vaults_omnibox, serial_shops,
          bzr_firewalk, uniq_jory
Vaults:5
Crypt:1:  layout_catacombs, grunt_ministairs_5
Crypt:2:  layout_rooms
Crypt:3:  quadcrypt_mu
Tomb:1
Tomb:2:   uniq_boris

Skill      XL: |  1  2  3  4  5  6  7  8  9 10 11 12 13 14 15 16 17 18 19 20 21 22 23 24 25 |
---------------+----------------------------------------------------------------------------+-----
Armour         | 4 5 6 7 8 10 11 12 13 14 15 16 17 18 19 20 21 22 23 | 23.3
Fighting       | 4 5 6 7 9 11 13 14 16 17 18 19 20 21 23 24 25 26 27 | 27.0
Maces & Flails | 3 4 6 8 9 11 | 11.0
Shields        | 4 5 6 7 8 9 11 12 13 14 16 19 20 21 22 23 24 | 24.6
Evocations     | 2 0 |  0.0
Axes           | 6 9 12 14 15 16 17 18 19 20 21 22 23 24 | 24.3
Invocations    | 1 5 7 9 10 11 12 13 14 | 14.5

Action                   |  1- 3 |  4- 6 |  7- 9 | 10-12 | 13-15 | 16-18 | 19-21 | 22-24 | 25-27 || total
-------------------------+-------+-------+-------+-------+-------+-------+-------+-------+-------++-------
Melee: Flail             |    91 |   113 |   159 |       |   335 |       |       |       |       ||   698
       Headbutt          |     8 |    11 |    35 |    41 |   187 |   133 |   197 |   203 |    94 ||   909
       Broad axe         |       |       |    78 |   295 |   507 |   506 |   660 |   612 |   236 ||  2894
       Unarmed           |       |       |       |     3 |     1 |       |       |       |       ||     4
Invok: Sacrifice Artific |       |       |     1 |       |       |       |       |       |       ||     1
       Sacrifice Arcana  |       |       |     1 |       |       |       |       |       |       ||     1
       Reject Sacrifices |       |       |       |     2 |       |       |       |       |       ||     2
       Sacrifice Purity  |       |       |       |       |     1 |       |       |       |       ||     1
       Apocalypse        |       |       |       |       |     1 |     4 |     6 |     4 |     4 ||    19
       Power Leap        |       |       |       |       |     1 |     5 |     5 |     4 |     1 ||    16
       Sacrifice Stealth |       |       |       |       |     1 |       |       |       |       ||     1
       Draw Out Power    |       |       |       |       |       |     1 |       |       |       ||     1
  Use: Scroll            |     7 |       |    13 |     4 |     9 |    12 |     4 |    10 |     9 ||    68
       Potion            |       |     2 |     4 |     1 |    19 |     1 |     1 |     7 |     3 ||    38
 Stab: Distracted        |       |       |     1 |     5 |     6 |     9 |    13 |    14 |     7 ||    55
       Invisible         |       |       |       |       |     8 |     2 |     2 |     2 |     1 ||    15
       Paralysed         |       |       |       |       |     2 |       |     8 |     5 |     4 ||    19
Armor: Scale mail        |    49 |    71 |   102 |       |       |       |       |       |       ||   222
       Skin              |       |       |     2 |       |   146 |       |       |       |       ||   148
       Plate armour      |       |       |    28 |   168 |   409 |       |       |       |       ||   605
       Crystal plate arm |       |       |       |       |   219 |   331 |   318 |   269 |   118 ||  1255
Dodge: Dodged            |    42 |    60 |   173 |   123 |   244 |    73 |   115 |   112 |    42 ||   984
Block: Buckler           |    17 |    37 |    77 |    94 |   399 |     2 |       |       |       ||   626
       Kite shield       |       |       |       |       |       |    61 |       |       |       ||    61
       Tower shield      |       |       |       |       |       |   526 |   552 |   606 |   179 ||  1863
       Reflection        |       |       |       |       |       |     1 |     4 |       |       ||     5

Table legend: (Time is in decaauts)
 A = Elapsed time spent in this place.
 B = Non-inter-level travel time spent in this place.
 C = Inter-level travel time spent in this place.
 D = Time resting spent in this place.
 E = Time spent auto-exploring this place.
 F = Levels seen in this place.
 G = Mean time per level.
                   A        B        C        D        E       F      G
               +--------+--------+--------+--------+--------+-----+--------+
         Total |  47661 |  44081 |   3580 |      0 |  32786 |  56 |  851.1 |
       Dungeon |  15272 |  13830 |   1442 |      0 |  10957 |  15 | 1018.1 |
        Temple |    232 |    172 |     60 |      0 |    154 |   1 |  232.0 |
          Lair |   8139 |   7519 |    620 |      0 |   6229 |   6 | 1356.5 |
         Swamp |   2275 |   2088 |    187 |      0 |   1447 |   4 |  568.8 |
   Spider Nest |   3672 |   3446 |    226 |      0 |   2449 |   4 |  918.0 |
    Slime Pits |   2592 |   2235 |    357 |      0 |   1606 |   5 |  518.4 |
  Orcish Mines |   1221 |   1152 |     69 |      0 |    781 |   2 |  610.5 |
   Elven Halls |   2607 |   2494 |    113 |      0 |   1808 |   3 |  869.0 |
        Vaults |   5256 |   4898 |    358 |      0 |   3423 |   5 | 1051.2 |
         Crypt |   2886 |   2741 |    145 |      0 |   2063 |   3 |  962.0 |
          Tomb |    578 |    578 |      0 |      0 |    323 |   2 |  289.0 |
        Bazaar |    135 |    135 |      0 |      0 |     68 |   1 |  135.0 |
         Sewer |    208 |    208 |      0 |      0 |    102 |   1 |  208.0 |
        Bailey |    829 |    829 |      0 |      0 |    545 |   1 |  829.0 |
      Ice Cave |    431 |    431 |      0 |      0 |    127 |   1 |  431.0 |
    Desolation |    947 |    947 |      0 |      0 |    492 |   1 |  947.0 |
      Gauntlet |    374 |    374 |      0 |      0 |    210 |   1 |  374.0 |
               +--------+--------+--------+--------+--------+-----+--------+

Top non-repeatable levels by time:
  Lair:5: 1951 daAuts
 Crypt:3: 1481 daAuts
     D:5: 1410 daAuts
  Lair:3: 1396 daAuts
Vaults:1: 1366 daAuts
  Lair:2: 1343 daAuts
  Lair:6: 1335 daAuts
     D:2: 1331 daAuts
     D:7: 1293 daAuts
     D:1: 1262 daAuts
     D:3: 1218 daAuts
Spider:1: 1202 daAuts
     D:4: 1182 daAuts
    D:12: 1109 daAuts
Vaults:5: 1107 daAuts
